 Dungeon Crawl Stone Soup version 0.29-a0-243-g602b31c20e (webtiles) character file.

Game seed: 6687868571293535290

49 enile the Skirmisher (level 4, 0/35 HPs)
             Began as a Djinni Fire Elementalist on Mar 5, 2022.
             Constricted to death by a ball python (1 damage)
             ... on level 1 of the Dungeon.
             The game lasted 00:00:55 (1908 turns).

enile the Skirmisher (Djinni Fire Elementalist)     Turns: 1908, Time: 00:00:55

Health: 0/35       AC:  2    Str:  7    XL:     4   Next: 2%
Gold:   61         EV:  9    Int: 18    God:
                   SH:  0    Dex: 14

rFire   + + .      SeeInvis .   d - +2 falchion (flame)
rCold   x . .      Faith    .   (no shield)
rNeg    . . .      Spirit   .   a - +0 robe
rPois   ∞          Reflect  .   (no helmet)
rElec   .          Harm     .   (no cloak)
rCorr   .          Rampage  .   (no gloves)
Will    .....                   (boots unavailable)
Stlth   ++........              (no amulet)
HPRegen 0.11/turn               (no ring)
MPRegen 0.00/turn               (no ring)

@: flying, constricted
A: sickness immunity, fire resistance 2, cold vulnerability 1, float, innate
caster, HP casting, extra vitality 1
a: no special abilities


You were on level 1 of the Dungeon.
You visited 1 branch of the dungeon, and saw 2 of its levels.

You collected 61 gold pieces.

Inventory:

Hand Weapons
 d - a +2 falchion of flaming (weapon)
Armour
 a - a +0 robe (worn)
Scrolls
 c - 2 scrolls of teleportation {unknown}
 e - a scroll of identify {unknown}
Potions
 b - a potion of curing {unknown}


   Skills:
 + Level 3.2 Fighting
 - Level 2.1 Dodging
 - Level 1.5 Stealth
 - Level 2.4 Spellcasting


You couldn't memorise any spells.
You knew the following spells:

 Your Spells              Type           Power      Damage    Failure   Level
a - Foxfire               Conj/Fire      40%        2x1d6     6%          1
b - Scorch                Fire           20%        2d6       10%         2
c - Conjure Flame         Conj/Fire      10%        6-21      19%         3
d - Inner Flame           Hex/Fire       10%        N/A       19%         3
e - Flame Wave            Conj/Fire      10%        2d5       54%         4
f - Freeze                Ice            40%        1d6       6%          1
Your spell library was empty.

Dungeon Overview and Level Annotations

Branches:
Dungeon (2/15)

Altars:

Shops:
D:1 ?


Innate Abilities, Weirdness & Mutations

You are immune to sickness and miasma.
You are immune to poison.
Your flesh is very heat resistant. (rF++)
You are vulnerable to cold. (rC-)
You float through the air rather than walking.
You learn spells naturally, not from books.
Your magical power is your life essence.
You have superior vitality. (+4 MHP)


Message History

The gnoll hits you from afar with a +0 spear!
Casting: Foxfire (safe; 6% risk of failure)
Confirm with . or Enter, or press ? or * to list all spells.
Flames lash the gnoll.
The gnoll is severely wounded.
The gnoll's fire resistance burns away.
A ball python comes into view.
The gnoll hits you but does no damage. The gnoll hits you with a +0 club.
The bat hits you but does no damage. x2
The gnoll hits you from afar with a +0 spear!
* * * LOW HITPOINT WARNING * * *
The bat misses you. The bat barely misses you.
The bat hits you but does no damage. The bat hits you but does no damage.
The bat barely misses you. The bat hits you.
* * * LOW HITPOINT WARNING * * *
The bat closely misses you. The ball python bites you.
* * * LOW HITPOINT WARNING * * *
The ball python grabs you. The ball python constricts you.
* * * LOW HITPOINT WARNING * * *
You escape the ball python's grasp.
The bat barely misses you. The bat hits you but does no damage.
The bat hits you but does no damage.
There is an escape hatch in the ceiling here.
The bat hits you.
* * * LOW HITPOINT WARNING * * *
The ball python bites you.
* * * LOW HITPOINT WARNING * * *
The ball python closely misses you. A mysterious force pulls you upwards.
The hatch slams shut behind you.
You closely miss the ball python. The bat closely misses you.
The ball python bites you.
* * * LOW HITPOINT WARNING * * *
The ball python grabs you. The ball python constricts you.
The bat hits you but does no damage. The ball python bites you.
* * * LOW HITPOINT WARNING * * *
The ball python constricts you.
You die...

############
#....@.....#
#...b.S....#
#..).......#
#..........#
#..........######
#..........#....#
#..........#....#
#..........#....######
#..........#.........#


You could see a bat and a ball python.

Vanquished Creatures
  3 adders (D:2)
  2 endoplasms (D:1)
  2 goblins (D:1)
  3 hobgoblins
  2 kobolds (D:1)
  2 quokkas (D:1)
  5 ball pythons
  A bat (D:1)
  3 frilled lizards
  A rat (D:1)
24 creatures vanquished.

Vanquished Creatures (others)
  109 foxfires
109 creatures vanquished.

Grand Total: 133 creatures vanquished

Notes
Turn   | Place    | Note
-------+----------+-------------------------------------------
     0 | D:1      | enile the Djinni Fire Elementalist began the quest for the
                  | Orb.
     0 | D:1      | Reached XP level 1. HP: 15/15 MP: 0/0
   188 | D:1      | Found Etaomn's Magic Scroll Shoppe.
   227 | D:1      | Reached skill level 1 in Fighting
   604 | D:1      | Reached XP level 2. HP: 18/22 MP: 0/0
  1090 | D:1      | Reached skill level 2 in Fighting
  1631 | D:2      | Reached XP level 3. HP: 27/29 MP: 0/0
  1631 | D:2      | Learned a level 1 spell: Freeze
  1704 | D:2      | Reached skill level 3 in Fighting
  1713 | D:2      | Reached XP level 4. HP: 16/35 MP: 0/0
  1908 | D:1      | HP: 1/35 [ball python (1)]
  1908 | D:1      | Constricted to death by a ball python

Illustrated notes

Levels and vault maps discovered:
D:1:      minmay_arrival_loop, layout_rooms, serial_shops,
          nicolae_shop_competitors_out_of_business, corexii_hall_statues_u
D:2:      layout_basic, basic_altar

Skill      XL: |  1  2  3 |
---------------+----------+-----
Fighting       | 1 2 3 |  3.2
Dodging        | |  2.1
Stealth        | |  1.5
Spellcasting   | |  2.4

Action                   |  1- 3 |  4- 6 || total
-------------------------+-------+-------++-------
Melee: Falchion          |     3 |     1 ||     4
 Cast: Foxfire           |    63 |     1 ||    64
       Scorch            |     3 |     2 ||     5
Armor: Robe              |     1 |     8 ||     9
Dodge: Dodged            |     7 |     7 ||    14

Table legend: (Time is in decaauts)
 A = Elapsed time spent in this place.
 B = Non-inter-level travel time spent in this place.
 C = Inter-level travel time spent in this place.
 D = Time resting spent in this place.
 E = Time spent auto-exploring this place.
 F = Levels seen in this place.
 G = Mean time per level.
                   A        B        C        D        E       F      G
               +--------+--------+--------+--------+--------+-----+--------+
         Total |   1908 |   1845 |     63 |      0 |   1642 |   2 |  954.0 |
       Dungeon |   1908 |   1845 |     63 |      0 |   1642 |   2 |  954.0 |
               +--------+--------+--------+--------+--------+-----+--------+

Top non-repeatable levels by time:
     D:1: 1577 daAuts
     D:2: 331 daAuts
